 Dungeon Crawl Stone Soup version 0.32-a0-576-g706899e69d (webtiles) character file.

Game seed: 14813423932556424694

850 javelincjr the Trooper (level 7, -1/55 HPs)
             Began as a Demonspawn Warper on Mar 1, 2024.
             Was a Believer of Wu Jian.
             Slain by an ice beast (4 damage)
             ... on level 5 of the Dungeon.
             The game lasted 00:22:50 (5682 turns).

javelincjr the Trooper (Demonspawn Warper)          Turns: 5682, Time: 00:22:51

Health: -1/55      AC:  4    Str: 11 (13) XL:     7   Next: 69%
Magic:  19/20      EV: 12    Int: 18 (19) God:    Wu Jian [**....]
Gold:   232        SH:  0    Dex: 11 (13) Spells: 5/12 levels left

rFire   . . .        a - +0 spear (flame)
rCold   . . .        (no shield)
rNeg    . . .        b - +0 leather armour
rPois   .            j - +0 helmet
rElec   .            l - scarf {+Inv}
rCorr   .            (no gloves)
SInv    .            (no boots)
Will    .....        (no amulet)
Stlth   +            p - +6 ring of intelligence
HPRegen 0.29/turn    y - ring of magical power
MPRegen 0.17/turn

%: no passive effects
@: about to teleport, wreathed by umbra
A: sturdy frame 1, foul shadow 1
a: Renounce Religion, Evoke Invisibility, Wall Jump


You were on level 5 of the Dungeon.
You worshipped Wu Jian.
Wu Jian was pleased with you.
You visited 1 branch of the dungeon, and saw 5 of its levels.
You also visited: Sewer.

You collected 232 gold pieces.

Inventory:

Hand Weapons
 a - a +0 spear of flaming (weapon)
 g - a +0 sling
Missiles
 d - 7 darts of dispersal
 e - 25 poisoned darts (quivered)
 f - 50 stones
 w - a curare-tipped dart
Armour
 b - a +0 leather armour (worn)
 j - a +0 helmet (worn)
 k - a +0 ring mail
 l - a scarf of invisibility (worn)
 m - a +0 chain mail
Jewellery
 p - a +6 ring of intelligence (left hand)
 y - a ring of magical power (right hand)
Talismans
 n - a beast talisman
Wands
 q - a wand of flame (19)
 r - a wand of light (7)
Scrolls
 c - 2 scrolls of blinking
 o - a scroll of vulnerability
 s - a scroll of identify
 x - a scroll of fear {unknown}
Potions
 t - 2 potions of invisibility {unknown}
 u - a potion of resistance {unknown}
 v - a potion of cancellation {unknown}
 z - a potion of enlightenment {unknown}


   Skills:
 * Level 4.8 Fighting
 + Level 3.3 Polearms
 - Level 0.8 Throwing
 + Level 2.9 Armour
 + Level 3.2 Dodging
 + Level 3.2 Spellcasting
 + Level 3.8 Translocations
 + Level 2.0 Shapeshifting


You had 5 spell levels left.
You knew the following spells:

 Your Spells              Type           Power      Damage    Failure   Level
a - Blink                 Tloc           32%        N/A       4%          2
b - Lesser Beckoning      Tloc           32%        N/A       4%          2
c - Teleport Other        Tloc           16%        N/A       10%         3

Your spell library contained the following spells:

 Spells                   Type           Power      Damage    Failure   Level
 Manifold Assault         Tloc           16%        N/A       32%         4
 Inner Flame              Hex/Fire       2%         N/A       45%         3
 Vhi's Electric Charge    Tloc/Air       18%        N/A       58%         4
 Flame Wave               Conj/Fire      2%         2d4       86%         4
 Sticky Flame             Fire/Alch      2%         2d4       86%         4


Dungeon Overview and Level Annotations

Branches:
Dungeon (5/15)              Sewer (visited)
 Temple: D:4-7

Altars:
Ashenzari
Wu Jian


Innate Abilities, Weirdness & Mutations

Your movements are slightly less encumbered by armour. (ER -2)
You are faintly shadowed, very rarely releasing foul flame when damaged in melee.


Message History

The phantom closely misses you.
The gnoll sergeant hits you from afar with a +0 spear!
The phantom attacks as it pursues you! The phantom hits you.
Casting: Blink (safe; 4% risk of failure)
Confirm with . or Enter, or press ? or * to list all spells.
You blink.
The gnoll sergeant barely misses you.
The gnoll sergeant attacks as it pursues you!
The gnoll sergeant hits you but does no damage.
An ice beast comes into view.
You spin and attack the ice beast.
You closely miss the ice beast. The ice beast hits you.
The ice beast freezes you!
* * * LOW HITPOINT WARNING * * *
An iguana comes into view.
The ice beast attacks as it pursues you!
The ice beast hits you but does no damage.
You feel much better.
You feel ready to blink again.
The iguana hisses angrily.
You hear a bark!
As you read the scroll of teleportation, it crumbles to dust.
You feel strangely unstable. The ice beast hits you. The ice beast freezes you!
The phantom hits you.
* * * LOW HITPOINT WARNING * * *
The phantom blinks!
You blink.
A hound and an adder come into view.
Found 12 gold pieces.
The hound barks!
The adder hisses angrily.
You hit the iguana but do no damage. The phantom hits you.
* * * LOW HITPOINT WARNING * * *
You barely miss the iguana.
A phantom comes into view.
The iguana misses you. The hound closely misses you.
The phantom closely misses you.
A hound comes into view.
You hit the iguana but do no damage. The hound closely misses you.
The gnoll sergeant hits you from afar with a +0 spear.
* * * LOW HITPOINT WARNING * * *
The iguana bites you!
* * * LOW HITPOINT WARNING * * *
The ice beast hits you.
You die...

#. #.##
######### #.#.#
#...#.#.#
#.##.#..#..#.##
#.#.#..###..#.#
#.##..# ##g.##
#.#..##...##SY#
#...##..$.W.W@#
#.#..##...##hl#
#.##..# #.h##
#.# #..# #..#.
#.# #..#..# #
#.# #...#
####.# ####
.....# .#####


You could see an ice beast, 2 phantoms, a gnoll sergeant, an iguana, 2 hounds
and an adder.

Vanquished Creatures
  An ogre (D:4)
  4 kobold brigands (Sewer)
  A scorpion (D:5)
  A hound (D:5)
  An iguana (D:4)
  An orc wizard (D:3)
  17 adders
  6 river rats
  5 dart slugs
  11 ribbon worms
  An orc (D:2)
  11 endoplasms
  2 giant cockroaches (D:2)
  8 goblins
  8 hobgoblins
  7 jackals
  8 kobolds
  4 quokkas
  21 ball pythons
  6 bats
  2 frilled lizards (D:2)
  10 rats
136 creatures vanquished.

Notes
Turn   | Place    | Note
-------+----------+-------------------------------------------
     0 | D:1      | javelincjr the Demonspawn Warper began the quest for the
                  | Orb.
     0 | D:1      | Reached XP level 1. HP: 16/16 MP: 3/3
    91 | D:1      | Reached skill level 1 in Armour
   179 | D:1      | Gained mutation: You are faintly shadowed, very rarely
                  | releasing foul flame when damaged in melee. [demonic
                  | ancestry]
   179 | D:1      | Reached XP level 2. HP: 18/22 MP: 5/5
   278 | D:1      | Learned a level 2 spell: Blink
   281 | D:1      | Learned a level 2 spell: Lesser Beckoning
   572 | D:1      | Reached XP level 3. HP: 21/28 MP: 6/6
  1665 | D:2      | Reached XP level 4. HP: 34/34 MP: 7/7
  1952 | D:3      | Reached skill level 3 in Fighting
  2080 | D:3      | Reached XP level 5. HP: 41/41 MP: 8/8
  2121 | D:3      | HP: 1/41 [orc wizard/+0 club (2)]
  2652 | D:3      | Found a broken altar of Ashenzari.
  2786 | D:3      | Found a faded altar of an unknown god.
  2825 | D:3      | Prayed at the altar of an unknown god.
  2825 | D:3      | Became a worshipper of the Wu Jian Council
  2825 | D:3      | Reached * piety under Wu Jian
  2890 | D:4      | Reached skill level 1 in Shapeshifting
  3230 | D:4      | Noticed an ogre
  3242 | D:4      | Killed an ogre
  3243 | D:4      | Reached XP level 6. HP: 6/48 MP: 8/10
  3391 | D:4      | Found a glowing drain.
  3395 | Sewer    | Entered a sewer
  3672 | Sewer    | Reached skill level 4 in Fighting
  3897 | Sewer    | Reached ** piety under Wu Jian
  4122 | Sewer    | Gained mutation: Your movements are slightly less
                  | encumbered by armour. (ER -2) [demonic ancestry]
  4122 | Sewer    | Reached XP level 7. HP: 21/54 MP: 11/11
  4129 | Sewer    | Learned a level 3 spell: Teleport Other
  5470 | D:5      | Entered Level 5 of the Dungeon
  5682 | D:5      | Slain by an ice beast

Illustrated notes

Levels and vault maps discovered:
D:1:      dpeg_arrival_tiny_i, layout_loops_ring
D:2:      wad_river_or_something, layout_loops_ring
D:3:      layout_rooms, lemuel_tele_altar, shapermc_ecumenical_altar_flowoftime,
          minmay_snake_closets
D:4:      layout_loops_ring, lightli_sewer_entry_pipes
D:5:      minmay_diamond_boxcup, layout_basic, nicolae_overflow_hidden_temple,
          kennysheep_little_box, hex_tiny

Skill      XL: |  1  2  3  4  5  6  7 |
---------------+----------------------+-----
Armour         | 1 2 |  2.9
Polearms       | 2 3 |  3.3
Dodging        | 2 3 |  3.2
Translocations | 3 |  3.8
Fighting       | 3 4 |  4.8
Shapeshifting  | 1 2 |  2.0
Spellcasting   | 3 |  3.2
Throwing       | |  0.8

Action                     |  1- 3 |  4- 6 |  7- 9 || total
---------------------------+-------+-------+-------++-------
  Melee: Spear             |   214 |   471 |   152 ||   837
  Throw: Dart              |       |     9 |    15 ||    24
   Cast: Blink             |       |     2 |     2 ||     4
         Lesser Beckoning  |       |     1 |       ||     1
Ability: Whirlwind         |       |    14 |     1 ||    15
         Lunge             |       |     2 |       ||     2
  Evoke: Wand              |       |       |     2 ||     2
    Use: Scroll            |       |     8 |     1 ||     9
         Potion            |       |     7 |     1 ||     8
   Stab: Sleeping          |     3 |     3 |       ||     6
 Armour: Leather armour    |    81 |   184 |    61 ||   326
  Dodge: Dodged            |   102 |   255 |    73 ||   430

Table legend: (Time is in decaauts)
 A = Elapsed time spent in this place.
 B = Non-inter-level travel time spent in this place.
 C = Inter-level travel time spent in this place.
 D = Time resting spent in this place.
 E = Time spent auto-exploring this place.
 F = Levels seen in this place.
 G = Mean time per level.
                   A        B        C        D        E       F      G
               +--------+--------+--------+--------+--------+-----+--------+
         Total |   5858 |   5746 |    112 |    609 |   3416 |   6 |  976.3 |
       Dungeon |   4198 |   4086 |    112 |    302 |   2524 |   5 |  839.6 |
         Sewer |   1660 |   1660 |      0 |    307 |    891 |   1 | 1660.0 |
               +--------+--------+--------+--------+--------+-----+--------+

Top non-repeatable levels by time:
   Sewer: 1660 daAuts
     D:2: 1352 daAuts
     D:4: 1115 daAuts
     D:3: 761 daAuts
     D:1: 758 daAuts
     D:5: 210 daAuts
